 Dungeon Crawl Stone Soup version 0.31.0-11-ge490571c62 (webtiles) character file.

Game seed: 4054093195576583513

35 Minsecho the Ducker (level 3, -2/19 HPs)
             Began as a Spriggan Monk on Feb 2, 2024.
             Slain by a gnoll
             ... wielding a +0 flail
              (9 damage)
             ... on level 1 of the Dungeon.
             The game lasted 00:01:31 (1059 turns).

Minsecho the Ducker (Spriggan Monk)                 Turns: 1059, Time: 00:01:31

Health: -2/19      AC:  2    Str:  9    XL:     3   Next: 17%
Magic:  4/4        EV: 19    Int: 11    God:
Gold:   54         SH:  0    Dex: 17    Spells: 3/3 levels left

rFire   . . .        a - +0 short sword
rCold   . . .        d - orb {light}
rNeg    . . .        b - +0 robe
rPois   .            (helmet restricted)
rElec   .            (no cloak)
rCorr   .            (gloves unavailable)
SInv    +            (boots unavailable)
Will    .....        (no amulet)
Stlth   +            (no ring)
HPRegen 0.23/turn    (no ring)
MPRegen 0.09/turn

%: no passive effects
@: glowing, very quick
A: very small, no large weapons, unfitting armour, see invisible, speed 3
a: no special abilities


You were on level 1 of the Dungeon.
You visited 1 branch of the dungeon, and saw 2 of its levels.

You collected 54 gold pieces.

Inventory:

Hand Weapons
 a - a +0 short sword (weapon)
Armour
 b - a +0 robe (worn)
 d - an orb of light (worn)
Scrolls
 g - a scroll of teleportation {unknown}
 i - a scroll of noise {unknown}
 k - a scroll of fear {unknown}
 n - a scroll of fog {unknown}
Potions
 c - a potion of ambrosia
 e - 2 potions of lignification {unknown}
 f - 2 potions of mutation {unknown}
 h - a potion of heal wounds {unknown}
 j - a potion of invisibility {unknown}
 l - a potion of enlightenment {unknown}
 m - a potion of curing {unknown}


   Skills:
 + Level 2.7 Fighting
 + Level 3.7 Short Blades
 + Level 4.5 Dodging
 * Level 1.4 Stealth
 * Level 0.6 Spellcasting


You had 3 spell levels left.
You didn't know any spells.
Your spell library contained the following spells:

 Spells                   Type           Power      Damage    Failure   Level
 Ensorcelled Hibernation  Hex/Ice        0%         N/A       45%         2
 Mercury Vapours          Alch/Air       0%         N/A       45%         2
 Fugue of the Fallen      Necr           0%         N/A       71%         3
 Mephitic Cloud           Conj/Alch/Air  0%         N/A       71%         3
 Anguish                  Hex/Necr       0%         N/A       98%         4
 Freezing Cloud           Conj/Ice/Air   0%         6-21      100%        5


Dungeon Overview and Level Annotations

Branches:
Dungeon (2/15)

Altars:

Shops:
D:1 (


Innate Abilities, Weirdness & Mutations

You are very small and have problems with some larger weapons.
You are too small for most types of armour.
You have supernaturally acute eyesight. (SInv)
You cover ground extremely quickly. (Speed+++)


Message History

The giant cockroach is almost dead.
The giant cockroach bites you.
You hit the giant cockroach.
You kill the giant cockroach!
The endoplasm hits you.
You climb upwards.
There is a stone staircase leading down here.
You hit the endoplasm but do no damage. The endoplasm closely misses you.
You hit the endoplasm.
The endoplasm is severely wounded.
The endoplasm completely misses you.
You hit the endoplasm.
You kill the endoplasm!
You start resting.
HP restored.
There is a stone staircase leading down here.
You climb downwards.
The gnoll misses you. The gnoll completely misses you.
There is a stone staircase leading up, spattered with blood here.
You hit the gnoll but do no damage. The gnoll completely misses you.
You hit the gnoll.
The gnoll is moderately wounded.
You hit the gnoll but do no damage.
The gnoll is moderately wounded.
You hit the gnoll.
The gnoll is moderately wounded.
The gnoll misses you. x2
You hit the gnoll.
The gnoll is heavily wounded.
The gnoll barely misses you. The gnoll hits you with a +0 flail!
You hit the gnoll but do no damage.
The gnoll is heavily wounded.
The gnoll completely misses you. The gnoll barely misses you.
You hit the gnoll but do no damage.
The gnoll is heavily wounded.
The gnoll completely misses you. The gnoll misses you.
The gnoll hits you with a +0 club.
You climb upwards.
There is a stone staircase leading down here.
The gnoll attacks as it pursues you! The gnoll hits you with a +0 flail!
You die...

##.## #........# #.#### #.#
#.#...#### #.# #.# #.#.#.# #.#
##'## #.#.#.# #.# #...## #.#.#.#
#####.##### .....## #.....#
#.........# # ......## ###.###
#.###.#.#.# ##
.......####.>.######.###.....###.
.......'.....g.g@..........#...+.
.......##.#...##.###.####....###.
......###.##.###.# #.#####...# ##
.....## #.##.# #.# #.........# #
#...## #.##.# #.# ########.##
##+## #.##.# #.# ##..## #.#
#.##.###.# #....#
##.######(.......# #.##+#
.........###.##### #.#≈≈≈###


You could see 2 gnolls.

Vanquished Creatures
  An adder (D:2)
  A dart slug (D:1)
  A bat (D:1)
  3 endoplasms (D:1)
  A giant cockroach (D:2)
  6 hobgoblins (D:1)
  A quokka (D:1)
  A frilled lizard (D:2)
  3 goblins (D:1)
  A kobold (D:2)
  3 rats
22 creatures vanquished.

Notes
Turn   | Place    | Note
-------+----------+-------------------------------------------
     0 | D:1      | Minsecho the Spriggan Monk began the quest for the Orb.
     0 | D:1      | Reached XP level 1. HP: 11/11 MP: 2/2
   178 | D:1      | Reached XP level 2. HP: 16/16 MP: 3/3
   635 | D:1      | Found Ciac Zitea's Weapon Boutique.
   656 | D:1      | Reached skill level 1 in Stealth
   930 | D:2      | Reached XP level 3. HP: 17/19 MP: 4/4
  1059 | D:1      | Slain by a gnoll

Illustrated notes

Levels and vault maps discovered:
D:1:      dpeg_arrival_water_temple_mockup, layout_loops_corners, serial_shops,
          shop, minmay_liquid_box
D:2:      layout_loops_ring, serial_bayou, serial_bayou_lagoon_b,
          serial_bayou_pond_d, serial_bayou_crossing, serial_bayou_lagoon_a,
          uniq_natasha

Skill      XL: |  1  2 |
---------------+-------+-----
Stealth        | 1 |  1.4
Fighting       | |  2.7
Short Blades   | |  3.7
Dodging        | |  4.5
Spellcasting   | |  0.6

Action                     || total
---------------------------++-------
  Melee: Short sword       ||   106
 Armour: Robe              ||    20
  Dodge: Dodged            ||    68
